 Dungeon Crawl Stone Soup version 0.21-a0-625-g1119ec1 (webtiles) character file.

34264 esteth the Slicer (level 13, 0/183 HPs)
             Began as a Minotaur Berserker on Dec 23, 2017.
             Was a High Priest of Trog.
             Succumbed to a water moccasin's poison
             ... on level 5 of the Lair of Beasts on Dec 24, 2017.
             The game lasted 00:42:50 (17129 turns).

esteth the Slicer (Minotaur Berserker)             Turns: 17129, Time: 00:42:51

Health: 0/183      AC: 26    Str: 20 (23) XL:     13   Next: 41%
Magic:  1/12       EV:  2    Int:  1 (4)  God:    Trog [*****.]
Gold:   735        SH:  0    Dex: 11 (14) Spells: 12/12 levels left

rFire    . . .     SeeInvis .   p - +7 captain's cutlass {speed, disarm}
rCold    . . .     Gourm    .   (no shield)
rNeg     + + +     Faith    .   (armour currently unavailable)
rPois    +         Spirit   +   (helmet currently unavailable)
rElec    .         Reflect  .   (cloak currently unavailable)
rCorr    .         Harm     .   (gloves currently unavailable)
MR       .....     NoTele   +   (boots currently unavailable)
Stlth    +.........             R - amulet of guardian spirit
HPRegen  0.40/turn              B - +2 ring of slaying
MPRegen  0.13/turn              U - +2 ring of slaying

@: lethally poisoned (0 -> -7), tree-form
A: (retaliatory headbutt)
a: Berserk, Trog's Hand, Brothers in Arms, Burn Spellbooks, Renounce Religion


You were on level 5 of the Lair of Beasts.
You worshipped Trog.
Trog was extremely pleased with you.
You were not hungry.
You were a tree.
You visited 2 branches of the dungeon, and saw 17 of its levels.

You collected 966 gold pieces.
You spent 231 gold pieces at shops.

Inventory:

Hand Weapons
 p - the +7 captain's cutlass (weapon) {speed, disarm}
   (You found it on level 5 of the Dungeon)

   Attacks with this weapon are significantly faster.
 V - a +0 blowgun
 Y - a +5 antimagic rapier
Missiles
 W - 3 curare-tipped needles
Armour
 e - a +2 pair of boots (melded)
 D - a scarf of cloud immunity (melded)
 H - a +0 plate armour (melded)
 S - a +0 hat of magic resistance (melded)
Jewellery
 v - an uncursed ring of poison resistance
 B - a +2 ring of slaying (left branch)
 L - an uncursed ring of positive energy
 R - an amulet of guardian spirit (around neck)
 T - an uncursed ring of ice
 U - a +2 ring of slaying (right branch)
Wands
 m - a wand of enslavement (10)
 n - a wand of random effects (40)
 w - a wand of iceblast (17)
 x - a wand of polymorph (9)
 E - a wand of acid (7)
 K - a wand of flame (41)
 Q - a wand of scattershot (5)
Scrolls
 b - a scroll of immolation {unknown}
 f - 6 scrolls of teleportation
 g - a scroll of random uselessness {unknown}
 h - 10 scrolls of remove curse
 j - 3 scrolls of magic mapping
 l - 17 scrolls of identify
 t - 5 scrolls of fear
 y - 3 scrolls of enchant armour {unknown}
 C - 2 scrolls of amnesia {unknown}
 F - a scroll of silence {unknown}
 N - a scroll of summoning {unknown}
 P - 2 scrolls of enchant weapon {unknown}
 Z - a scroll of torment {unknown}
Potions
 d - a potion of invisibility {unknown}
 i - 2 potions of haste {unknown}
 k - 4 potions of degeneration
 q - 3 potions of brilliance {unknown}
 r - 4 potions of lignification
 s - 3 potions of magic {unknown}
 u - 2 potions of agility {unknown}
 z - 5 potions of mutation {unknown}
 A - 3 potions of resistance {unknown}
 G - 3 potions of might {unknown}
Books
 a - a book of Callings

   Spells                             Type                      Level
   a - Summon Small Mammal            Summoning                    1
   b - Call Imp                       Summoning                    2
   c - Call Canine Familiar           Summoning                    3
   d - Summon Guardian Golem          Hexes/Summoning              3
   e - Summon Lightning Spire         Summoning/Air                4
   f - Summon Ice Beast               Ice/Summoning                4
   Trog disapproves of the use of such an item.
 J - a book of Transfigurations

   Spells                             Type                      Level
   a - Irradiate                      Conjuration/Transmutation    5
   b - Statue Form                    Transmutation/Earth          6
   c - Hydra Form                     Transmutation                6
   d - Dragon Form                    Transmutation                7
   Trog disapproves of the use of such an item.
 M - a book of Spatial Translocations

   Spells                             Type                      Level
   a - Blink                          Translocation                2
   b - Shroud of Golubria             Charms/Translocation         2
   c - Lesser Beckoning               Translocation                3
   d - Gell's Gravitas                Translocation                3
   e - Teleport Other                 Translocation                3
   f - Passage of Golubria            Translocation                4
   Trog disapproves of the use of such an item.
Comestibles
 c - 31 rations


   Skills:
 + Level 13.4 Fighting
 - Level 14.0 Short Blades
   Level 10.8 Axes
 + Level 11.2 Armour
 + Level 10.4 Dodging


You had 12 spell levels left.
You didn't know any spells.

Dungeon Overview and Level Annotations

Branches:
Dungeon (11/15)            Temple (0/1) D:6            Lair (6/6) D:11
  Swamp (0/4) Lair:4        Snake (0/4) Lair:4        Slime (0/5) Lair:5
    Orc (0/2) D:10

Altars:
Cheibriados
Dithmenos
Elyvilon
Fedhas
Gozag
Hepliaklqana
Nemelex Xobeh
Okawaru
Sif Muna
Trog
Uskayaw
Zin
The Shining One

Shops:
D:7 =   D:10 ([

Annotations:
Lair:3 exclusion: oklob plant
Lair:4 exclusion: 2 oklob plants
Lair:5 exclusion: oklob plant


Innate Abilities, Weirdness & Mutations

((You reflexively headbutt those who attack you in melee.))
((You have a pair of horns on your head.))


Message History

You puncture the komodo dragon!
The komodo dragon is almost dead.
You feel sick.
The water moccasin bites you but does no damage. x2
It was a potion of degeneration.
There was something very wrong with that liquid.
You feel weakened.
You feel dopey.
You feel clumsy.
You feel sick.
The water moccasin bites you but does no damage. x2
The komodo dragon bites you!
* * * LOW HITPOINT WARNING * * *
As you read the scroll labeled JACAEPPIUTZ, it crumbles to dust.
You assume a fearsome visage.
The komodo dragon looks frightened!
The water moccasin looks frightened! x2; It was a scroll of fear.
* * * LOW HITPOINT WARNING * * *
You feel sick.
Okay, then.
As you read the scroll labeled ZETWUM HAIFERPH, it crumbles to dust.
You feel aware of your surroundings.
It was a scroll of magic mapping.
You die...

##.>.....#
#.......#
##..)....#
#........#
#........#
##.S.....#
#...}...#
#......##
#.♣....##
##.......#
##..l.....#
#......S.##
##P......#
#PP##..##
######.#
#.# ###


You could see a komodo dragon (fleeing) and 2 water moccasins.

Vanquished Creatures
  Gastronok (Lair:2)
  The ghost of Dustman the Cleaver, a journeyman HOMo of Cheibriados (D:11)
  4 hydras
  A catoblepas (Lair:4)
  Fannar (Lair:2)
  7 death yaks
  Sonja (Lair:2)
  The ghost of SpeedyPerson7 the Cleaver, a novice DDFi of Makhleb (D:9)
  A sea snake (Lair:6)
  A manticore (D:11)
  8 elephants
  4 black mambas
  5 spiny frogs
  A rime drake (Lair:3)
  6 komodo dragons
  A hornet (D:7)
  2 trolls
  4 hippogriffs
  A tyrant leech (Lair:4)
  19 blink frogs
  Grinder (D:5)
  11 yaks
  The ghost of Nattefrost the Skirmisher, an amateur OgAr (D:3)
  A wyvern (D:10)
  A basilisk (Lair:3)
  4 hogs (D:8)
  A human (D:8)
  A hungry ghost (D:7)
  5 porcupines
  2 water moccasins
  6 orc warriors
  4 ice beasts
  A necrophage (D:8)
  6 sky beasts
  5 phantoms
  5 ogres
  2 eyes of draining (D:5)
  3 centaurs
  4 crocodiles
  14 bullfrogs
  2 scorpions
  5 wights (D:10)
  9 electric eels (Lair:1)
  2 crimson imps
  2 jellies
  A bullfrog skeleton (D:8)
  7 orc wizards
  2 orc priests
  2 iguanas (D:5)
  A centaur skeleton (D:4)
  5 worker ants
  A hound skeleton (D:5)
  Robin (D:2)
  2 worker ant zombies
  10 adders
  14 gnolls
  3 howler monkey skeletons
  3 shadow imps
  An ooze (D:7)
  3 adder zombies
  2 worms
  4 dart slugs
  3 leopard geckos
  43 orcs
  7 bats
  A giant cockroach (D:3)
  22 goblins
  13 hobgoblins
  9 quokkas
  2 ball pythons
  4 frilled lizards
  A jackal skeleton (D:4)
  14 kobolds
  A quokka skeleton (D:7)
  6 rats
  4 plants (D:2)
360 creatures vanquished.

Vanquished Creatures (others)
  3 fungi (Lair:6)
  9 plants
12 creatures vanquished.

Grand Total: 372 creatures vanquished

Notes
Turn   | Place    | Note
-------+----------+-------------------------------------------
     0 | D:1      | esteth the Minotaur Berserker began the quest for the Orb.
     0 | D:1      | Reached XP level 1. HP: 19/19 MP: 0/0
   126 | D:1      | Reached XP level 2. HP: 24/26 MP: 1/1
   350 | D:1      | Reached skill level 5 in Axes
   427 | D:1      | Reached ** piety under Trog
   427 | D:1      | Reached XP level 3. HP: 31/31 MP: 2/2
   852 | D:2      | Noticed Robin
   893 | D:2      | Killed Robin
   894 | D:2      | Reached XP level 4. HP: 30/39 MP: 3/3
   930 | D:2      | Upgraded the game from 0.21-a0-621-gc60411f to 0.21-a0-625-g1119ec1
  1247 | D:3      | Noticed Nattefrost's ghost (amateur OgAr)
  1263 | D:3      | Killed Nattefrost's ghost
  1263 | D:3      | Reached XP level 5. HP: 45/45 MP: 4/4
  1319 | D:3      | Found a hide-covered altar of Uskayaw.
  1655 | D:3      | Found a hazy altar of Hepliaklqana.
  1838 | D:3      | Reached XP level 6. HP: 51/51 MP: 5/5
  1948 | D:3      | Found an opulent altar of Gozag.
  1948 | D:3      | Found a glowing silver altar of Zin.
  2249 | D:2      | Found a white marble altar of Elyvilon.
  2410 | D:2      | Reached *** piety under Trog
  3025 | D:4      | Found a glowing golden altar of the Shining One.
  3083 | D:4      | Found a snail-covered altar of Cheibriados.
  3807 | D:5      | Entered Level 5 of the Dungeon
  3852 | D:5      | Found a sparkling altar of Nemelex Xobeh.
  3939 | D:5      | Reached XP level 7. HP: 52/57 MP: 6/6
  3945 | D:5      | Found the +7 captain's cutlass {speed, disarm}
  3956 | D:5      | Noticed Grinder
  3967 | D:5      | Killed Grinder
  3967 | D:5      | Reached skill level 10 in Axes
  3986 | D:5      | Found an iron altar of Okawaru.
  3998 | D:5      | Got a slimy falchion
  4000 | D:5      | Identified the +1 falchion "Kases" {drain, rN+ Str+3 SInv} (You found it on level 5 of the Dungeon)
  4164 | D:5      | Reached skill level 1 in Short Blades
  4272 | D:5      | Reached skill level 2 in Short Blades
  4272 | D:5      | Reached XP level 8. HP: 55/67 MP: 7/7
  4468 | D:5      | Found a bloodstained altar of Trog.
  4482 | D:5      | Reached skill level 5 in Fighting
  4482 | D:5      | Reached skill level 3 in Short Blades
  4685 | D:6      | Reached skill level 4 in Short Blades
  4698 | D:6      | Reached **** piety under Trog
  4816 | D:6      | Found a white marble altar of Elyvilon.
  4870 | D:6      | Reached skill level 5 in Short Blades
  5220 | D:6      | Reached skill level 6 in Short Blades
  5223 | D:6      | Reached XP level 9. HP: 79/80 MP: 8/8
  5483 | D:6      | Found a staircase to the Ecumenical Temple.
  5550 | D:7      | Reached skill level 7 in Short Blades
  5564 | D:7      | Found Kiogussu's Jewellery Boutique.
  5573 | D:7      | Reached skill level 8 in Short Blades
  5610 | D:7      | Bought a +2 ring of slaying for 231 gold pieces
  5709 | D:7      | Reached skill level 9 in Short Blades
  5797 | D:7      | Found a shadowy altar of Dithmenos.
  5826 | D:7      | Reached skill level 10 in Short Blades
  5944 | D:7      | Found a deep blue altar of Sif Muna.
  6002 | D:7      | Reached XP level 10. HP: 90/90 MP: 9/9
  6068 | D:7      | Reached ***** piety under Trog
  6073 | D:7      | Reached skill level 11 in Short Blades
  6511 | D:8      | Found an iron altar of Okawaru.
  6667 | D:8      | Received a gift from Trog
  6700 | D:8      | Reached skill level 12 in Short Blades
  7160 | D:9      | Found a blossoming altar of Fedhas.
  7447 | D:9      | Noticed a two-headed ogre
  7453 | D:9      | Noticed SpeedyPerson7's ghost (novice DDFi)
  7468 | D:9      | Killed SpeedyPerson7's ghost
  7468 | D:9      | Reached skill level 13 in Short Blades
  7900 | D:10     | Entered Level 10 of the Dungeon
  7983 | D:10     | Found Ilecaer's Weapon Emporium.
  7987 | D:10     | Found a staircase to the Orcish Mines.
  7999 | D:10     | Found Tuys's Armour Emporium.
  8020 | D:10     | Reached XP level 11. HP: 81/95 MP: 10/10
  8393 | D:10     | Reached skill level 14 in Short Blades
  8790 | D:11     | Noticed Dustman's ghost (journeyman HOMo)
  8803 | D:11     | Killed Dustman's ghost
  9237 | D:11     | Found a staircase to the Lair.
  9391 | Lair:1   | Entered Level 1 of the Lair of Beasts
  9938 | Lair:1   | Reached skill level 5 in Armour
 10103 | Lair:1   | Reached skill level 5 in Dodging
 10414 | Lair:1   | Reached skill level 10 in Fighting
 11813 | Lair:2   | Noticed Fannar
 11829 | Lair:2   | Killed Fannar
 11833 | Lair:2   | Noticed Gastronok
 11864 | Lair:2   | Killed Gastronok
 11864 | Lair:2   | Reached XP level 12. HP: 83/110 MP: 11/11
 12296 | Lair:2   | Noticed Sonja
 12689 | Lair:2   | Killed Sonja
 12972 | Lair:3   | Noticed a six-headed hydra
 12989 | Lair:3   | Killed a six-headed hydra
 13070 | Lair:3   | Noticed a death yak
 13154 | Lair:3   | Noticed a death yak
 13155 | Lair:3   | Noticed a death yak
 13201 | Lair:2   | Killed a death yak
 13362 | Lair:2   | Killed a death yak
 13465 | Lair:2   | Killed a death yak
 13970 | Lair:4   | Noticed a death yak
 13971 | Lair:4   | Noticed a death yak
 13971 | Lair:4   | Noticed a catoblepas
 14004 | Lair:3   | Killed a death yak
 14004 | Lair:3   | Received a gift from Trog
 14151 | Lair:4   | Killed a catoblepas
 14151 | Lair:4   | Reached skill level 10 in Armour
 14279 | Lair:4   | Noticed a death yak
 14283 | Lair:4   | Noticed a death yak
 14287 | Lair:4   | Killed a death yak
 14305 | Lair:3   | Killed a death yak
 14414 | Lair:4   | Killed a death yak
 14414 | Lair:4   | Reached XP level 13. HP: 95/119 MP: 12/12
 14560 | Lair:4   | Found a staircase to the Snake Pit.
 14674 | Lair:4   | Found a staircase to the Swamp.
 16514 | Lair:6   | Entered Level 6 of the Lair of Beasts
 16526 | Lair:6   | Reached skill level 10 in Dodging
 17127 | Lair:5   | HP: 2/183 [komodo dragon (11)]
 17129 | Lair:5   | Succumbed to a water moccasin's poison

Vault maps used:
D:1:      dpeg_cavernosity
D:2:      wad_woods_stonehenge, serial_curves, eino_curves_04, eino_curves_01,
          minmay_tree_intersection, grunt_decor_mini_mirrors, uniq_robin
D:3:      grunt_temple_overflow_gold_and_silver, overflow_temple_1_default,
          nicolae_overflow_crystal_walls, st_stairs_12
D:4:      kennysheep_slug_shrine, lemuel_doored_altar, minmay_misc_feat_iff,
          mrwooster_statue_mirror
D:5:      corexii_shack_village, okawaru_ov_weapons_minmay,
          lemuel_coloured_pillars_altar, trog_eyes_of_draining, first_ration,
          uniq_grinder
D:6:      cheibrodos_iron_armory, elyvilon_altar_4,
          minmay_temple_entry_enclosed_plants
D:7:      nicolae_dithmenos_shadow_blocks, led_sif_book, serial_shops, shop
D:8:      basic_altar, grunt_livestock
D:9:      fedhas_altar_4, hangedman_decor_peaks_small, lightli_corner_chamber
D:10:     orc_david_3
D:11:     lair_entry_dummy
Lair:1:   serial_bayou, serial_bayou_lagoon_a, serial_bayou_lagoon_b,
          serial_bayou_pond_b, serial_bayou_pond_c, dpeg_stationary_puzzle,
          infiniplex_staircase_pool_2
Lair:2:   grunt_megastairs_4, uniq_sonja, uniq_fannar, uniq_gastronok
Lair:4:   dpeg_oklob_gauntlet, minmay_swamp_entry_worms,
          guppyfry_snake_entry_island
Lair:5:   minmay_slime_entry_oklob_enclosed
Lair:6:   gammafunk_lair_ancient_temple, uniq_nessos

Skill      XL: |  1  2  3  4  5  6  7  8  9 10 11 12 13 |
---------------+----------------------------------------+-----
Axes           | 4 5 6 8 9 10 | 10.8
Fighting       | 4 7 8 11 12 13 | 13.4
Short Blades   | 2 6 10 13 14 | 14.0
Armour         | 7 10 11 | 11.2
Dodging        | 6 9 10 | 10.4

Action                   |  1- 3 |  4- 6 |  7- 9 | 10-12 | 13-15 || total
-------------------------+-------+-------+-------+-------+-------++-------
Melee: Hand axe          |   106 |   193 |    22 |       |       ||   321
       Headbutt          |    21 |    54 |    51 |   146 |    37 ||   309
       Cutlass           |       |       |   272 |   563 |   151 ||   986
Invok: Berserk           |       |     2 |     1 |     2 |       ||     5
       Trog's Hand       |       |     1 |     3 |     3 |       ||     7
       Brothers in Arms  |       |       |       |     1 |       ||     1
Evoke: Wand              |       |       |       |     1 |     3 ||     4
  Use: Scroll            |       |     4 |       |     6 |     5 ||    15
       Potion            |       |       |     1 |     4 |     6 ||    11
  Eat: Chunk             |       |     7 |    10 |    21 |     2 ||    40
       Ration            |       |     1 |       |     3 |     2 ||     6
Armor: Animal skin       |    10 |       |       |       |       ||    10
       Chain mail        |    24 |    55 |   111 |    55 |       ||   245
       Plate armour      |       |       |       |    77 |    77 ||   154
       Skin              |       |       |       |       |    10 ||    10
Dodge: Dodged            |    39 |    54 |    71 |    95 |    63 ||   322

Table legend:
 A = Spawn XP
 B = Non-spawn XP
 C = Spawn XP percentage of total XP
 D = Spawn monster count
 E = Non-spawn monster count
 F = Spawn count percentage of total count
 G = Total turns spent on level
                    A         B        C        D         E        F      G
               +---------+---------+-------+---------+---------+-------+---------
         Total |       0 |   48949 |   0.0 |       0 |     356 |   0.0 | 17129
               +---------+---------+-------+---------+---------+-------+---------
           D:1 |       0 |      41 |   0.0 |       0 |      25 |   0.0 |   768
           D:2 |       0 |     238 |   0.0 |       0 |      31 |   0.0 |  1021
           D:3 |       0 |     275 |   0.0 |       0 |      20 |   0.0 |  1225
           D:4 |       0 |     139 |   0.0 |       0 |       9 |   0.0 |   793
           D:5 |       0 |    1182 |   0.0 |       0 |      34 |   0.0 |   870
           D:6 |       0 |    1466 |   0.0 |       0 |      40 |   0.0 |   857
           D:7 |       0 |    3532 |   0.0 |       0 |      35 |   0.0 |   871
           D:8 |       0 |    1448 |   0.0 |       0 |      18 |   0.0 |   738
           D:9 |       0 |    1983 |   0.0 |       0 |      21 |   0.0 |   757
          D:10 |       0 |    1414 |   0.0 |       0 |      16 |   0.0 |   721
          D:11 |       0 |    2157 |   0.0 |       0 |      12 |   0.0 |  1000
        Lair:1 |       0 |    4565 |   0.0 |       0 |      25 |   0.0 |  2119
        Lair:2 |       0 |   10795 |   0.0 |       0 |      20 |   0.0 |  1420
        Lair:3 |       0 |    6262 |   0.0 |       0 |      19 |   0.0 |  1018
        Lair:4 |       0 |    4961 |   0.0 |       0 |      12 |   0.0 |  1383
        Lair:5 |       0 |    4063 |   0.0 |       0 |      11 |   0.0 |  1362
        Lair:6 |       0 |    4428 |   0.0 |       0 |       8 |   0.0 |   206
               +---------+---------+-------+---------+---------+-------+---------
